 Dungeon Crawl Stone Soup version 0.19.5 (webtiles) character file.

3313 doot the Charmwright (level 9, -2/66 HPs)
             Began as a Mummy Skald on May 7, 2017.
             Was a Follower of Ru.
             Slain by a hippogriff (3 damage)
             ... on level 7 of the Dungeon.
             The game lasted 00:34:08 (8535 turns).

doot the Charmwright (Mummy Skald)                  Turns: 8535, Time: 00:34:10

Health: -2/66      AC:  9    Str: 19      XL:     9   Next: 70%
Magic:  0/15       EV: 12    Int: 16      God:    Ru [*.....]
Gold:   373        SH:  0    Dex: 12 (13) Spells: 4 memorised, 8 levels left

rFire  x . .     SeeInvis +     B - +9 morningstar "Icwo" {pain, *Slow rN+++ Stlth+}
rCold  + . .     Gourm    .     b - +0 leather armour
rNeg   + + +     Faith    .     (no shield)
rPois  ∞         Spirit   +     G - +1 helmet {SInv}
rElec  .         Reflect  .     (no cloak)
rCorr  .         Harm     .     e - +0 pair of gloves
MR     .....                    A - +2 pair of boots
Stlth  +++.......               t - amulet of guardian spirit
                                v - +4 ring of intelligence
                                j - +3 ring of strength

@: infused, very slightly contaminated, slowed, very slow
A: no food or potions, fire vulnerability, cold resistance 1, negative energy
resistance 3, torment resistance, unbreathing, magic vulnerability 1
a: Renounce Religion


You were on level 7 of the Dungeon.
You worshipped Ru.
Ru was aware of your devotion.
You were not hungry.

You visited 2 branches of the dungeon, and saw 9 of its levels.
You also visited: Sewer.

You collected 373 gold pieces.

Inventory:

Hand Weapons
 a - a +0 spear
 i - a +0 war axe of electrocution
 p - a +0 battleaxe
 B - the +9 morningstar "Icwo" (weapon) {pain, *Slow rN+++ Stlth+}
   (You found it on level 7 of the Dungeon)

   In the hands of one skilled in necromantic magic, it inflicts extra damage on
   living creatures.
   It renders you almost immune to negative energy.
   It may slow you when you take damage.
   It makes you more stealthy.
Armour
 b - a +0 leather armour (worn)
 e - a +0 pair of gloves (worn)
 m - a +0 helmet
 A - a +2 pair of boots (worn)
 F - a +0 plate armour
 G - a +1 helmet of see invisible (worn)
Jewellery
 j - a +3 ring of strength (left hand)
 l - an uncursed ring of flight
 t - an amulet of guardian spirit (around neck)
 v - a +4 ring of intelligence (right hand)
Wands
 s - a wand of digging (6/24)
 x - a wand of disintegration (14/24)
 z - a wand of slowing (36/48)
 D - a wand of flame (21/48)
Scrolls
 d - a scroll of amnesia
 f - 4 scrolls of identify
 g - 3 scrolls of blinking
 h - a scroll of noise
 k - 2 scrolls of fog
 n - a scroll of random uselessness
 q - a scroll of immolation {unknown}
 r - a scroll of recharging {unknown}
 u - a scroll of magic mapping {unknown}
 w - a scroll of teleportation {unknown}
 C - a scroll of fear {unknown}
 H - a scroll of summoning {unknown}
Books
 c - a book of Battle

   Spells                             Type                      Level
   a - Infusion                       Charms                       1
   b - Shroud of Golubria             Charms/Translocation         2
   c - Song of Slaying                Charms                       2
   d - Spectral Weapon                Hexes/Charms                 3
   e - Regeneration                   Charms/Necromancy            3
 o - a book of Flames

   Spells                             Type                      Level
   a - Flame Tongue                   Conjuration/Fire             1
   b - Throw Flame                    Conjuration/Fire             2
   c - Conjure Flame                  Conjuration/Fire             3
   d - Inner Flame                    Hexes/Fire                   3
   e - Sticky Flame                   Conjuration/Fire             4
   f - Fireball                       Conjuration/Fire             5
 y - a book of Geomancy

   Spells                             Type                      Level
   a - Sandblast                      Earth                        1
   b - Passwall                       Transmutation/Earth          2
   c - Stone Arrow                    Conjuration/Earth            3
   d - Petrify                        Transmutation/Earth          4
   e - Lee's Rapid Deconstruction     Earth                        5
Miscellaneous
 E - a fan of gales


   Skills:
 + Level 4.5 Fighting
 - Level 4.6(5.4) Axes
 * Level 3.1(4.4) Maces & Flails
 + Level 2.3(3.8) Polearms
 + Level 3.2 Armour
 + Level 2.9 Dodging
 + Level 1.9 Stealth
 + Level 4.3 Spellcasting
 + Level 4.8 Hexes
 + Level 5.3 Charms
 + Level 0.1 Translocations


You had 8 spell levels left.
You knew the following spells:

 Your Spells              Type           Power        Failure   Level  Hunger
a - Infusion              Chrm           ###.         2%          1    N/A
b - Song of Slaying       Chrm           ###.....     4%          2    N/A
c - Spectral Weapon       Hex/Chrm       ###.....     10%         3    N/A
d - Shroud of Golubria    Chrm/Tloc      ##........   12%         2    N/A

Dungeon Overview and Level Annotations

Branches:
Dungeon (8/15)             Temple (1/1) D:5
   Lair: D:8-11

Altars:
Ashenzari
Cheibriados
Dithmenos
Elyvilon
Fedhas
Gozag
Kikubaaqudgha
Makhleb
Nemelex Xobeh
Okawaru
Ru
Sif Muna
Trog
Vehumet
Xom
Zin
The Shining One

Shops:
D:7 %

Annotations:
D:8 4 runed doors


Innate Abilities, Weirdness & Mutations

You do not eat or drink.
Your flesh is vulnerable to fire.
You are immune to poison.
Your flesh is cold resistant. (rC+)
You are immune to negative energy. (rN+++)
You are immune to unholy pain and torment.
You can survive without breathing.
You are slightly vulnerable to magic. (MR-)


Message History

The hippogriff closely misses you. The hippogriff barely misses you.
The hippogriff claws you but does no damage.
The hippogriff bites you!
* * * LOW HITPOINT WARNING * * *
The hippogriff closely misses you. The hippogriff misses you.
You sock the hippogriff!
The hippogriff is severely wounded.
The hippogriff bites you.
* * * LOW HITPOINT WARNING * * *
The hippogriff pecks you.
* * * LOW HITPOINT WARNING * * *
You feel yourself slow down. The hippogriff barely misses you.
You barely miss the hippogriff.
The hippogriff is severely wounded.
The hippogriff bites you.
* * * LOW HITPOINT WARNING * * *
The hippogriff pecks you but does no damage.
The hippogriff claws you but does no damage.
The hippogriff completely misses you. The hippogriff pecks you.
You die...

##### #....####.......
#...# #....#..........
#...# #...............
#...####...............
#....)..##.............
#.......#...#..........
#.......#...#..........
#.....H.#...#.........#
#.....@...............#
###.......#########..##
#.......##########.##
#.......'............
#.......######......#
######+###............#
#......................
#......................
#......................


You could see a hippogriff.

Vanquished Creatures
  A hornet (D:7)
  A hippogriff (D:8)
  A hungry ghost (D:7)
  Purgy (Sewer)
  A black bear (D:8)
  2 ice beasts
  An orc warrior (D:7)
  5 ogres
  2 phantoms (D:4)
  4 bullfrogs
  5 scorpions
  3 wights (D:7)
  2 howler monkeys
  A bullfrog zombie (D:6)
  A quasit (D:8)
  6 hounds
  3 bullfrog skeletons
  2 orc priests
  A jelly (D:8)
  6 orc wizards
  4 worker ants
  A hound skeleton (D:4)
  A worker ant zombie (D:3)
  Robin (D:4)
  14 adders
  7 gnolls
  2 shadow imps
  2 oozes
  An adder skeleton (D:4)
  7 worms
  2 dart slugs
  2 leopard geckos (D:3)
  27 orcs
  5 giant cockroaches
  19 goblins
  11 hobgoblins
  6 kobolds
  7 quokkas
  A ball python (D:5)
  11 bats
  7 frilled lizards
  2 quokka zombies
  5 rats
194 creatures vanquished.

Vanquished Creatures (others)
  4 spectral weapons
4 creatures vanquished.

Grand Total: 198 creatures vanquished

Notes
Turn   | Place    | Note
-------+----------+-------------------------------------------
     0 | D:1      | doot the Mummy Skald began the quest for the Orb.
     0 | D:1      | Reached XP level 1. HP: 16/16 MP: 3/3
   325 | D:1      | Reached XP level 2. HP: 14/22 MP: 0/5
   806 | D:1      | Reached skill level 1 in Dodging
  1047 | D:1      | Learned a level 2 spell: Song of Slaying
  1332 | D:2      | Reached skill level 1 in Armour
  1332 | D:2      | Reached XP level 3. HP: 24/27 MP: 6/6
  1518 | D:2      | Learned a level 3 spell: Spectral Weapon
  1584 | D:2      | Found a sparkling altar of Nemelex Xobeh.
  1585 | D:2      | Found an opulent altar of Gozag.
  2415 | D:3      | Reached XP level 4. HP: 34/34 MP: 4/7
  2463 | D:3      | Reached skill level 3 in Charms
  3297 | D:3      | Reached XP level 5. HP: 29/39 MP: 2/8
  3301 | D:3      | Learned a level 2 spell: Shroud of Golubria
  3458 | D:3      | Found a blossoming altar of Fedhas.
  3772 | D:4      | Noticed an ogre
  3881 | D:4      | Killed an ogre
  3881 | D:4      | Reached skill level 1 in Axes
  3881 | D:4      | Reached skill level 1 in Hexes
  3881 | D:4      | Reached XP level 6. HP: 39/46 MP: 3/10
  4095 | D:4      | Noticed Robin
  4113 | D:4      | Killed Robin
  4499 | D:4      | Reached XP level 7. HP: 46/51 MP: 4/11
  4763 | D:4      | Reached skill level 4 in Charms
  5218 | D:5      | Entered Level 5 of the Dungeon
  5218 | D:5      | Found an iron altar of Okawaru.
  5349 | D:5      | Found a glowing drain.
  5393 | Sewer    | Entered a sewer
  5727 | Sewer    | Noticed Purgy
  5733 | Sewer    | Killed Purgy
  5733 | Sewer    | Reached XP level 8. HP: 53/58 MP: 5/13
  6094 | D:5      | Found a staircase to the Ecumenical Temple.
  6102 | Temple   | Entered the Ecumenical Temple
  6139 | Temple   | Became a worshipper of Ru the Awakened
  6620 | D:6      | Found a shattered altar of Ashenzari.
  6837 | D:6      | Found a glowing silver altar of Zin.
  6838 | D:6      | Found a glowing golden altar of the Shining One.
  6838 | D:6      | Found a white marble altar of Elyvilon.
  7089 | D:7      | Gained mutation: You are slightly vulnerable to magic. (MR-) [Ru sacrifice]
  7089 | D:7      | Reached * piety under Ru
  7179 | D:7      | Found Omeigiet's Food Shoppe.
  7242 | D:7      | Noticed a hornet
  7244 | D:7      | Killed a hornet
  7244 | D:7      | Reached skill level 5 in Charms
  7244 | D:7      | Reached XP level 9. HP: 56/65 MP: 4/15
  7680 | D:7      | Got a dazzling morningstar
  7681 | D:7      | Identified the +9 morningstar "Icwo" {pain, *Slow rN+++ Stlth+} (You found it on level 7 of the Dungeon)
  8068 | D:8      | Reached skill level 1 in Maces & Flails
  8121 | D:8      | Found a large runed door.
  8121 | D:8      | Found a large runed door.
  8143 | D:8      | Reached skill level 1 in Stealth
  8200 | D:8      | Found a large runed door.
  8200 | D:8      | Found a large runed door.
  8475 | D:8      | Noticed a gargoyle
  8535 | D:7      | HP: 1/66 [hippogriff (5)]
  8535 | D:7      | Slain by a hippogriff

Skill      XL: |  1  2  3  4  5  6  7  8  9 |
---------------+----------------------------+-----
Dodging        | 1 2 |  2.9
Armour         | 1 2 3 |  3.2
Polearms       | 2 |  2.3
Charms         | 3 4 5 |  5.3
Axes           | 1 2 3 4 |  4.6
Hexes          | 1 2 3 4 |  4.8
Spellcasting   | 3 4 |  4.3
Fighting       | 3 4 |  4.5
Maces & Flails | 3 |  3.1
Stealth        | 1 |  1.9
Translocations | |  0.1

Action                   |  1- 3 |  4- 6 |  7- 9 || total
-------------------------+-------+-------+-------++-------
Melee: Spear             |   176 |    14 |       ||   190
       War axe           |       |   118 |   183 ||   301
       Morningstar       |       |       |    55 ||    55
 Cast: Infusion          |    12 |    14 |    21 ||    47
       Song of Slaying   |     3 |     1 |     5 ||     9
       Spectral Weapon   |       |     6 |    13 ||    19
       Shroud of Golubri |       |     4 |     2 ||     6
Invok: Sacrifice Essence |       |       |     1 ||     1
  Use: Scroll            |       |       |     6 ||     6
 Stab: Sleeping          |       |       |     8 ||     8
Armor: Leather armour    |    33 |    29 |    97 ||   159
Dodge: Dodged            |    83 |    75 |   189 ||   347
